 Dungeon Crawl Stone Soup version 0.29.1-15-g9cfb28693d (webtiles) character file.

Game seed: 10941326389174690538

2984 royem the Cleaver (level 9, -2/81 HPs)
             Began as a Minotaur Berserker on Mar 4, 2023.
             Was a Priest of Trog.
             Slain by a 15-headed hydra (9 damage)
             ... on level 7 of the Dungeon.
             The game lasted 00:29:42 (6152 turns).

royem the Cleaver (Minotaur Berserker)              Turns: 6152, Time: 00:29:43

Health: -2/81      AC: 17    Str: 30    XL:     9   Next: 53%
Magic:  8/8        EV: 11    Int:  4    God:    Trog [***...]
Gold:   415        SH:  0    Dex: 10    Spells: 8/8 levels left

rFire   . . .      SeeInvis .   a - +0 hand axe
rCold   . . .      Faith    .   b - orb {light}
rNeg    . . .      Spirit   .   d - +5 ring mail "Sucox" {-Cast Str+4}
rPois   .          Reflect  .   (helmet restricted)
rElec   .          Harm     .   o - +0 cloak
rCorr   .          Rampage  .   (no gloves)
Will    .....      NoCast   +   (no boots)
Stlth   +.........              h - amulet of regeneration
HPRegen 1.03/turn               C - +4 ring of protection
MPRegen 0.11/turn               (no ring)

@: mighty, on berserk cooldown, slowed, glowing, very slow
A: horns 2, retaliatory headbutt
a: Renounce Religion, Berserk, Trog's Hand


You were on level 7 of the Dungeon.
You worshipped Trog.
Trog was most pleased with you.
You visited 1 branch of the dungeon, and saw 7 of its levels.

You collected 415 gold pieces.

Inventory:

Hand Weapons
 a - a +0 hand axe (weapon)
 g - a +0 short sword of holy wrath
 m - a +0 whip of freezing
 n - a +3 quarterstaff of chaos
 t - a +2 flail of protection
Armour
 b - an orb of light (worn)
 d - the +5 ring mail "Sucox" (worn) {-Cast Str+4}
   (You found it on level 3 of the Dungeon)

   Str:       It affects your strength (+4).
   -Cast:     It prevents spellcasting.
 o - a +0 cloak (worn)
 z - a +0 buckler
 E - +2 acid dragon scales
Jewellery
 h - an amulet of regeneration (around neck)
 k - an amulet of the acrobat
 C - a +4 ring of protection (left hand)
Wands
 i - a wand of flame (10) (quivered)
Scrolls
 p - a scroll of vulnerability {unknown}
 r - 2 scrolls of noise
 s - 2 scrolls of enchant armour {unknown}
 u - a scroll of poison {unknown}
 v - 2 scrolls of magic mapping
 y - a scroll of amnesia {unknown}
Potions
 c - 2 potions of invisibility
 e - 2 potions of might
 f - 3 potions of curing
 j - 2 potions of mutation
 q - a potion of degeneration
 w - 2 potions of heal wounds
 x - a potion of haste {unknown}
 A - a potion of lignification {unknown}
 B - a potion of cancellation {unknown}
 D - a potion of ambrosia {unknown}


   Skills:
 * Level 7.9 Fighting
 * Level 12.3 Axes
 * Level 7.8 Armour
 - Level 2.2 Dodging
 - Level 1.0 Stealth
 - Level 1.2 Evocations


You had 8 spell levels left.
You didn't know any spells.
Your spell library was empty.

Dungeon Overview and Level Annotations

Branches:
Dungeon (7/15)             Temple (0/1) D:4

Altars:
Ashenzari
Cheibriados
Elyvilon
Gozag
Qazlal
Trog
The Shining One

Shops:
D:2 *


Innate Abilities, Weirdness & Mutations

You have a pair of horns on your head.
You reflexively headbutt those who attack you in melee.


Message History

You are too berserk!
You are too berserk!
You feel a strong urge to attack something.
You feel your anger nearly subside.
You are no longer berserk.
You are exhausted.
You feel yourself slow down.
Blink to where?
Press: ? - help, Dir - move target, p - 14-headed hydra
As you read the scroll of blinking, it crumbles to dust.
You see here a steam dragon skeleton.
A 14-headed hydra is nearby!
You feel much better.
Okay, then.
You feel very mighty all of a sudden.
The 14-headed hydra bites you but does no damage.
The 14-headed hydra bites you.
The 14-headed hydra bites you but does no damage. x2
The 14-headed hydra bites you!
The 14-headed hydra completely misses you.
The 14-headed hydra misses you.
The 14-headed hydra bites you but does no damage.
The 14-headed hydra closely misses you. The 14-headed hydra bites you!
The 14-headed hydra bites you but does no damage.
The 14-headed hydra closely misses you. x2
The 14-headed hydra bites you but does no damage.
You chop one of the 14-headed hydra's heads off!
The 13-headed hydra grows two more!
You slash the 15-headed hydra! You headbutt the 15-headed hydra!!
The 15-headed hydra is severely wounded.
The 15-headed hydra bites you. x2; The 15-headed hydra bites you!
The 15-headed hydra bites you.
The 15-headed hydra bites you but does no damage. x2
The 15-headed hydra closely misses you. x2; The 15-headed hydra misses you.
The 15-headed hydra bites you!
* * * LOW HITPOINT WARNING * * *
The 15-headed hydra bites you but does no damage.
The 15-headed hydra bites you!
* * * LOW HITPOINT WARNING * * *
The 15-headed hydra bites you!
You die...

.).## #.........##
##...###..###
....###.######..#
#...## ##..#. ).#.....#
#..# ##.### ##...
.######## #..# ##.##
#### .#
########..###.## .##
#............## #.##
#..######....#
##.####.## ##...# #
##..#..### #@..# ###
##>.....######D..# ##..
####..#####........#
#..# .....## ###.....##
##.## ###.## ##....#
#..# ### ##...## #..##
######## ###....#######
##..#
#......###........#...#
###.
.............###......#
##.


You could see a 15-headed hydra.

Vanquished Creatures
  Pikel (D:4)
  Maggie (D:7)
  A steam dragon (D:7)
  Menkaure (D:4)
  A water moccasin (D:6)
  Pargi (D:4)
  An orc warrior (D:6)
  A sky beast (D:3)
  2 ogres
  3 lemures (D:4)
  A phantom (D:6)
  A kobold brigand (D:7)
  Blork the orc (D:4)
  A bullfrog (D:7)
  2 scorpions (D:5)
  5 wights (D:5)
  2 howler monkeys (D:6)
  7 hounds
  2 orc priests
  2 jellies
  2 iguanas
  Crazy Yiuf (D:2)
  Jessica (D:2)
  3 orc wizards
  3 adders
  3 gnolls (D:6)
  3 shadow imps
  A white imp (D:6)
  2 worms
  4 dart slugs
  25 orcs
  6 ball pythons
  5 bats
  6 endoplasms
  A giant cockroach (D:4)
  12 goblins
  4 hobgoblins
  6 jackals
  9 kobolds
  6 quokkas
  4 frilled lizards
  3 rats (D:1)
147 creatures vanquished.

Vanquished Creatures (others)
  2 fungi (D:1)
2 creatures vanquished.

Grand Total: 149 creatures vanquished

Notes
Turn   | Place    | Note
-------+----------+-------------------------------------------
     0 | D:1      | royem the Minotaur Berserker began the quest for the Orb.
     0 | D:1      | Reached XP level 1. HP: 19/19 MP: 0/0
   325 | D:1      | Reached skill level 4 in Axes
   325 | D:1      | Reached XP level 2. HP: 27/27 MP: 1/1
  1071 | D:1      | Reached XP level 3. HP: 32/33 MP: 2/2
  1267 | D:1      | Found a faded altar of an unknown god.
  1514 | D:2      | Found Loivveo's General Store.
  1522 | D:2      | Noticed Jessica
  1531 | D:2      | Killed Jessica
  1639 | D:2      | Reached XP level 4. HP: 41/41 MP: 3/3
  1741 | D:2      | Reached skill level 5 in Axes
  1751 | D:2      | Reached ** piety under Trog
  2055 | D:2      | Found a runed translucent door.
  2056 | D:2      | Noticed Crazy Yiuf
  2062 | D:2      | Killed Crazy Yiuf
  2464 | D:3      | Noticed a sky beast
  2465 | D:3      | Found a transporter.
  2465 | D:3      | Found a transporter.
  2563 | D:3      | Found a snail-covered altar of Cheibriados.
  2564 | D:3      | Found a white marble altar of Elyvilon.
  2564 | D:3      | Found an opulent altar of Gozag.
  2566 | D:3      | Noticed an ogre
  3112 | D:4      | Noticed a lemure
  3119 | D:4      | Noticed a lemure
  3123 | D:4      | Killed a lemure
  3128 | D:4      | Noticed a lemure
  3129 | D:4      | Killed a lemure
  3130 | D:4      | Killed a lemure
  3130 | D:4      | Noticed Pikel
  3132 | D:4      | Reached skill level 6 in Axes
  3132 | D:4      | Reached XP level 5. HP: 47/47 MP: 4/4
  3134 | D:4      | Noticed a lemure
  3141 | D:4      | Killed Pikel
  3142 | D:4      | Reached skill level 5 in Fighting
  3142 | D:4      | Reached skill level 7 in Axes
  3142 | D:4      | Reached XP level 6. HP: 56/56 MP: 5/5
  3142 | D:4      | Reached XP level 7. HP: 61/61 MP: 6/6
  3190 | D:3      | Reached skill level 5 in Armour
  3193 | D:3      | Reached skill level 8 in Axes
  3193 | D:3      | Reached skill level 1 in Evocations
  3211 | D:3      | Identified the +5 ring mail "Sucox" {-Cast Str+4}
  3277 | D:4      | Found a staircase to the Ecumenical Temple.
  3377 | D:4      | Noticed Pargi
  3383 | D:4      | Killed Pargi
  3688 | D:4      | Noticed Menkaure
  3696 | D:4      | Killed Menkaure
  3697 | D:4      | Reached skill level 9 in Axes
  3697 | D:4      | Reached XP level 8. HP: 50/70 MP: 7/7
  3790 | D:4      | Noticed Blork the orc
  3796 | D:4      | Killed Blork the orc
  3926 | D:4      | Found a stormy altar of Qazlal.
  3942 | D:5      | Entered Level 5 of the Dungeon
  4139 | D:5      | Reached skill level 1 in Stealth
  4529 | D:5      | Reached skill level 10 in Axes
  4892 | D:6      | Found a glowing golden altar of the Shining One.
  4895 | D:6      | Found a bloodstained altar of Trog.
  4903 | D:6      | Found a broken altar of Ashenzari.
  5140 | D:6      | Reached *** piety under Trog
  5141 | D:6      | Reached skill level 11 in Axes
  5141 | D:6      | Reached XP level 9. HP: 64/78 MP: 8/8
  5705 | D:7      | Noticed Maggie
  5723 | D:7      | Killed Maggie
  5726 | D:7      | Reached skill level 12 in Axes
  6129 | D:7      | Noticed a seven-headed hydra
  6152 | D:7      | Slain by a 15-headed hydra

Illustrated notes

Levels and vault maps discovered:
D:1:      psy_arrival_wood_between_worlds, layout_basic,
          dreamdust_ecumenical_altar_hidden_monk_grotto
D:2:      layout_loops_ring, serial_shops, nicolae_shop_crystal,
          minmay_misc_feat_more_columns, kennysheep_generic_room_9,
          uniq_crazy_yiuf_cottage, uniq_jessica
D:3:      layout_basic, gammafunk_temple_overflow_arena, kennysheep_nondescript
D:4:      layout_loops_ring, mainiacjoe_overflow_alcove_4,
          minmay_temple_entry_from_below_a, dk_vineyard_2, uniq_pikel,
          uniq_menkaure, uniq_blork_the_orc, uniq_pargi
D:5:      layout_cave_pods
D:6:      layout_basic, grunt_temple_overflow_diamond, st_stairs_5
D:7:      layout_layer_cave, uniq_maggie

Skill      XL: |  1  2  3  4  5  6  7  8  9 |
---------------+----------------------------+-----
Axes           | 4 6 7 9 11 12 | 12.3
Fighting       | 4 5 6 7 |  7.9
Armour         | 3 4 6 7 |  7.8
Evocations     | 1 |  1.2
Stealth        | 1 |  1.0
Dodging        | |  2.2

Action                   |  1- 3 |  4- 6 |  7- 9 || total
-------------------------+-------+-------+-------++-------
Melee: Hand axe          |    86 |    62 |   213 ||   361
       Headbutt          |     5 |    11 |    44 ||    60
       Punch             |       |       |     1 ||     1
Invok: Berserk           |       |     2 |     6 ||     8
Evoke: Wand              |       |     8 |     3 ||    11
  Use: Scroll            |       |     5 |     5 ||    10
       Potion            |       |       |     2 ||     2
Armor: Animal skin       |     9 |       |       ||     9
       Leather armour    |     9 |       |       ||     9
       Scale mail        |       |    26 |     9 ||    35
       Ring mail         |       |       |   104 ||   104
Dodge: Dodged            |    52 |    29 |   111 ||   192
